Map: Deathaura LE

Players

cure

  • Race: Terran Terran
  • Spawn Location: 5:00

Serral - Winner!

  • Race: Zerg Zerg
  • Spawn Location: 11:00

Event: War Chest Team League

VOD

Have the link to the VOD?

Description

Time

  • Played on: July 24, 2020, 6:09 a.m.
  • Length: 20:01
Show
View Real Time Build Order
Export as new Build Order

cure Terran 

Build Orders: Reaper Expand, Mech 

Get SALT Encoding   

  12  0:00  SCV  
  13  0:13  SCV  
  14  0:17  Supply Depot  
  14  0:25  SCV  
  15  0:38  SCV  
  15  0:39  Barracks  
  16  0:43  Refinery  
  16  0:50  SCV  
  17  1:02  SCV  
  18  1:14  SCV  
  19  1:26  Reaper  
  19  1:27  Orbital Command  
  20  1:38  Command Center  
  20  1:46  Supply Depot  
  20  1:53  SCV  
  21  1:58  Marine  
  22  2:05  SCV  
  23  2:10  Factory  
  23  2:16  Refinery  
  23  2:17  SCV  
  23  2:20  Barracks Reactor  
  24  2:29  SCV  
  25  2:41  SCV  
  26  2:50  Orbital Command  
  26  2:53  SCV  
  26  2:58  Starport  
  27  3:04  Hellion x2, Marine  
  33  3:05  SCV  
  33  3:11  Supply Depot  
  33  3:17  SCV x2  
  35  3:25  Hellion  
  35  3:26  Hellion  
  39  3:29  SCV x2  
  41  3:38  Fusion Core  
  41  3:39  Starport Tech Lab  
  41  3:43  SCV x2  
  43  3:51  Command Center  
  43  3:56  SCV x2  
  45  4:05  Supply Depot  
  45  4:08  SCV x2  
  47  4:14  Supply Depot  
  47  4:20  SCV x2  
  49  4:26  Battlecruiser  
  49  4:27  Refinery  
  49  4:29  Refinery  
  55  4:32  SCV x2  
  55  4:35  Hellion  
  55  4:37  Hellion  
  61  4:44  SCV x2  
  63  4:49  Supply Depot  
  63  4:56  SCV x2, Hellion  
  63  4:58  Hellion  
  69  5:04  Orbital Command  
  69  5:08  SCV  
  69  5:09  SCV  
  69  5:14  Factory  
  71  5:15  Factory  
  71  5:22  SCV x2, Hellion x2  
  71  5:23  Weapon Refit  
  77  5:28  Orbital Command  
  77  5:38  Battlecruiser  
  77  5:39  SCV x2  
  77  5:41  Supply Depot  
  85  5:47  Supply Depot  
  85  5:48  Supply Depot  
  89  5:50  Hellion x2  
  87  5:58  SCV x3  
  90  6:06  Factory Tech Lab x2  
  90  6:13  Hellion x2, Refinery  
  90  6:14  SCV x3  
  90  6:17  Refinery  
  97  6:22  Armory x2  
  97  6:26  Siege Tank x2  
  97  6:29  Engineering Bay  
  103  6:35  SCV x3  
  101  6:40  Hellion  
  101  6:41  Hellion  
  105  6:50  Battlecruiser  
  105  6:51  SCV x2  
  105  6:52  SCV  
  114  6:57  Supply Depot  
  110  7:03  SCV  
  110  7:04  SCV x2  
  107  7:08  Siege Tank x2  
  107  7:11  Hellion  
  106  7:16  SCV x3  
  106  7:18  Hellion  
  106  7:21  Terran Vehicle Weapons Level 1  
  111  7:30  SCV x3  
  111  7:34  Supply Depot  
  114  7:37  Engineering Bay  
  117  7:44  Factory  
  117  7:45  Factory  
  117  7:46  Siege Tank x2  
  117  7:51  Hellion x2  
  116  8:07  Missile Turret  
  116  8:08  Missile Turret  
  116  8:10  Missile Turret x2  
  116  8:18  Siege Tank x2  
  116  8:19  Hellion x2  
  126  8:22  Refinery  
  126  8:24  Hellion x2, Supply Depot  
  126  8:27  Supply Depot  
  126  8:29  Factory Tech Lab  
  126  8:30  Factory Reactor  
  126  8:40  Starport Reactor  
  126  8:43  Command Center  
  126  8:49  Mag-Field Accelerator, Infernal Pre-Igniter  
  126  8:51  Cyclone x3  
  126  8:52  Terran Vehicle And Ship Armor Level 1  
  126  8:54  Hellion x2  
  139  8:59  SCV x2, Supply Depot x2  
  141  9:07  Factory  
  141  9:09  Factory  
  141  9:10  Factory  
  141  9:21  SCV x3  
  141  9:22  Hellion x11  
  147  9:24  Cyclone x2  
  147  9:28  Cyclone  
  147  9:30  Hellion x2  
  157  9:32  Supply Depot x2  
  157  9:33  Supply Depot  
  157  9:47  Terran Vehicle Weapons Level 2  
  157  9:53  Sensor Tower  
  157  9:54  SCV, Hellion x2  
  157  9:57  Supply Depot  
  157  9:58  SCV x2, Supply Depot x2  
  164  10:06  SCV, Factory Reactor, Factory Tech Lab  
  165  10:10  Refinery x2  
  165  10:11  Missile Turret  
  165  10:15  Drilling Claws  
  165  10:26  Missile Turret  
  165  10:32  Liberator x2  
  165  10:34  Planetary Fortress  
  171  10:37  Widow Mine  
  171  10:38  Command Center  
  177  10:43  Widow Mine x3  
  177  10:48  Sensor Tower  
  179  10:53  Cyclone, Command Center, Widow Mine  
  179  10:54  Widow Mine  
  180  11:11  Cyclone x3  
  169  11:21  Cyclone, Widow Mine  
  169  11:22  Hellion, Widow Mine x2  
  169  11:25  Cyclone  
  168  11:32  Liberator  
  165  11:39  Hellion x2  
  169  11:43  Hellion, Cyclone x3  
  180  11:54  Hellion, Cyclone  
  180  11:55  Hellion  
  180  11:57  Cyclone  
  180  11:59  Missile Turret  
  190  12:06  Missile Turret  
  190  12:14  Orbital Command  
  190  12:26  Missile Turret  
  190  12:28  Refinery  
  187  12:30  Missile Turret, Refinery  
  187  12:31  Advanced Ballistics, Missile Turret  
  187  12:32  Planetary Fortress  
  187  12:34  Cyclone  
  187  12:35  Cyclone x2, Widow Mine  
  187  12:36  Hellion x2  
  190  12:46  Cyclone, Widow Mine  
  190  12:47  Cyclone, Widow Mine  
  190  12:50  Hellion  
  196  12:58  Hellion  
  196  12:59  Hellion x2  
  196  13:03  Missile Turret  
  200  13:06  Terran Vehicle Weapons Level 3, Terran Vehicle And Ship Armor Level 2  
  200  13:11  Sensor Tower  
  200  13:13  Missile Turret  
  199  13:20  Widow Mine x2  
  199  13:30  Widow Mine x3  
  200  13:47  Smart Servos  
  199  13:52  Command Center x2  
  166  14:17  Cyclone  
  166  14:18  Hellion x3, Cyclone x2  
  163  14:24  Cyclone x2  
  163  14:25  Hellion x3  
  163  14:30  Liberator x2  
  126  14:47  Sensor Tower  
  126  14:50  Cyclone, Siege Tank x2  
  135  14:55  Hellion  
  135  14:56  Siege Tank x2  
  145  15:00  Hellion x2  
  145  15:02  Missile Turret  
  145  15:03  Missile Turret  
  145  15:05  Orbital Command  
  147  15:16  Liberator  
  147  15:17  Liberator  
  147  15:21  Hellion x2  
  155  15:22  Cyclone x2  
  160  15:31  Planetary Fortress  
  158  15:37  Widow Mine x2  
  158  15:38  Hellion, Cyclone, Widow Mine, Siege Tank  
  172  15:44  Hellion, Cyclone  
  175  15:55  Widow Mine x3  
  181  15:59  Liberator  
  182  16:11  Hellion x3, Cyclone, Siege Tank  
  157  16:16  Cyclone, Siege Tank  
  157  16:17  Siege Tank  
  157  16:18  Hellion  
  136  16:38  Widow Mine x2  
  140  16:43  Cyclone x2  
  140  16:44  Hellion  
  140  16:46  Orbital Command  
  148  16:48  Cyclone x2  
  148  16:49  Cyclone  
  148  16:51  Hellion  
  146  16:56  Liberator  
  146  16:57  Liberator  
  150  17:15  Cyclone  
  153  17:20  Cyclone x2  
  153  17:21  Hellion x2, Cyclone  
  152  17:36  Hellion  
  152  17:37  Hellion x2, Cyclone  
  156  17:43  Hellion x2, Liberator  
  164  17:47  Cyclone  
  171  17:51  Hellion x2  
  171  17:52  Cyclone  
  171  17:53  Hellion  
  172  17:59  Hellion, Cyclone  
  169  18:06  Missile Turret  
  167  18:14  Thor  
  167  18:15  Viking  
  175  18:26  Viking, Thor  
  183  18:28  Hellion x11  
  174  18:35  Thor  
  174  18:46  Thor  
  174  18:47  Thor  
  180  18:59  Thor  
  180  19:00  Viking  
  182  19:11  Thor  
  175  19:18  Viking  
  144  19:35  Hellion  
  144  19:37  Hellion  
Show
View Real Time Build Order
Export as new Build Order

Serral Zerg - Winner!

Build Orders: Hatch First 

Get SALT Encoding   

  12  0:01  Drone  
  13  0:13  Overlord  
  13  0:17  Drone  
  14  0:31  Drone x2  
  16  0:48  Hatchery  
  15  0:53  Drone  
  15  0:56  Drone  
  17  0:59  Drone  
  18  1:10  Extractor  
  17  1:14  Spawning Pool  
  17  1:17  Drone  
  17  1:21  Drone  
  18  1:29  Drone  
  19  1:39  Drone  
  20  1:50  Drone  
  21  2:00  Queen  
  21  2:01  Zergling x2, Queen  
  25  2:02  Zergling x2  
  27  2:15  Hatchery  
  26  2:18  Overlord  
  26  2:22  Drone  
  27  2:24  Drone  
  28  2:35  Metabolic Boost  
  28  2:37  Drone  
  28  2:38  Drone x2  
  31  2:45  Queen  
  31  2:50  Overlord  
  33  2:53  Drone  
  33  2:57  Drone x2  
  36  3:08  Drone x2  
  36  3:10  Drone x2  
  36  3:12  Drone  
  41  3:15  Drone  
  42  3:20  Overlord, Queen  
  42  3:27  Overlord  
  44  3:29  Queen  
  46  3:36  Zergling x2  
  46  3:37  Drone x2  
  46  3:40  Drone x3  
  52  3:44  Drone  
  52  3:45  Drone  
  54  3:48  Zergling x2  
  54  3:52  Overlord  
  55  3:56  Zergling x2, Queen  
  55  3:57  Drone x2  
  55  3:59  Drone  
  61  4:03  Overlord  
  61  4:07  Overlord  
  61  4:09  Overlord  
  61  4:12  Drone x3  
  61  4:15  Queen  
  66  4:19  Overlord  
  66  4:22  Drone  
  67  4:26  Zergling x4  
  67  4:27  Roach Warren, Drone  
  67  4:28  Drone  
  67  4:30  Drone  
  71  4:31  Drone  
  71  4:32  Drone  
  71  4:34  Drone  
  71  4:38  Lair  
  73  4:42  Zergling x2  
  73  4:43  Extractor  
  73  4:44  Drone x4, Extractor  
  76  4:48  Zergling x4  
  76  4:49  Drone x2  
  80  4:55  Spore Crawler x2  
  80  4:56  Spore Crawler  
  80  4:57  Zergling x2  
  80  4:58  Drone x2  
  80  5:06  Overlord  
  80  5:08  Roach x5  
  80  5:13  Drone  
  91  5:18  Zergling x2  
  91  5:19  Drone  
  93  5:24  Drone x2, Extractor  
  93  5:25  Drone x5  
  99  5:30  Roach  
  99  5:33  Drone  
  102  5:35  Drone  
  102  5:37  Extractor x2  
  102  5:39  Overseer  
  101  5:43  Drone x2  
  101  5:44  Evolution Chamber  
  101  5:48  Spire  
  101  5:49  Drone x2  
  102  5:50  Drone x2  
  102  5:54  Drone  
  102  5:55  Drone x2  
  105  5:58  Drone  
  105  6:02  Drone  
  106  6:05  Overlord  
  106  6:10  Overlord  
  106  6:11  Overlord x2  
  106  6:13  Glial Reconstitution  
  106  6:14  Evolution Chamber  
  106  6:18  Zerg Melee Weapons Level 1, Drone  
  106  6:22  Hatchery  
  106  6:24  Overlord x3  
  105  6:28  Roach x5  
  115  6:35  Spore Crawler  
  115  6:37  Roach x3  
  117  6:41  Zergling x6  
  117  6:44  Zerg Missile Weapons Level 1  
  117  6:46  Overlord  
  109  7:01  Drone  
  109  7:02  Drone, Corruptor x6  
  119  7:09  Drone x4  
  119  7:13  Drone x2  
  119  7:14  Drone  
  126  7:19  Overlord  
  125  7:26  Corruptor x2  
  125  7:28  Drone x3  
  125  7:29  Drone  
  131  7:36  Overlord  
  131  7:37  Overlord  
  131  7:41  Overlord  
  131  7:43  Roach x4  
  137  7:45  Overlord  
  137  7:50  Drone x2  
  135  7:54  Drone x8  
  135  7:56  Ravager x3  
  135  7:57  Ravager x2  
  141  8:00  Extractor x2  
  139  8:05  Zerg Flyer Weapons Level 1  
  139  8:08  Infestation Pit  
  139  8:09  Ravager  
  139  8:10  Drone x4  
  139  8:11  Drone x2, Baneling Nest  
  140  8:20  Overlord  
  140  8:21  Overlord x2  
  140  8:25  Drone  
  140  8:27  Spine Crawler  
  140  8:30  Zergling x2, Roach x4  
  140  8:31  Zergling x10  
  140  8:33  Burrow  
  154  8:35  Pneumatized Carapace  
  154  8:42  Hatchery  
  154  8:45  Hive  
  154  8:47  Infestor x2  
  157  8:54  Infestor  
  159  9:00  Spine Crawler  
  159  9:01  Centrifical Hooks  
  158  9:08  Corruptor  
  160  9:10  Corruptor  
  160  9:14  Overseer  
  162  9:17  Drone x10  
  162  9:18  Drone  
  162  9:19  Corruptor  
  162  9:23  Corruptor  
  171  9:32  Corruptor x2  
  171  9:35  Zergling x24  
  171  9:36  Zergling x4  
  189  9:43  Zerg Melee Weapons Level 2  
  189  9:45  Overlord  
  189  9:46  Overlord  
  189  9:51  Drone x3  
  192  9:55  Extractor x2  
  192  9:56  Ravager x5  
  195  10:02  Zergling x10  
  200  10:08  Spore Crawler  
  200  10:10  Spine Crawler  
  200  10:11  Spine Crawler, Baneling x11  
  200  10:12  Spine Crawler, Baneling  
  196  10:17  Ravager x2  
  196  10:18  Overlord  
  198  10:24  Hatchery, Drone x2  
  198  10:27  Greater Spire  
  198  10:28  Zerg Missile Weapons Level 2  
  197  10:37  Zergling x6  
  197  10:39  Overlord  
  200  10:46  Infestor  
  200  10:47  Hatchery, Infestor  
  193  10:58  Infestor  
  193  11:01  Baneling x9  
  189  11:07  Zergling x16, Roach x3  
  189  11:10  Zergling x2, Roach  
  195  11:21  Drone x2  
  191  11:29  Zergling x22  
  200  11:37  Adrenal Glands  
  200  11:39  Zerg Flyer Armor Level 1  
  200  11:40  Ultralisk Cavern  
  200  11:41  Ravager  
  200  11:45  Baneling  
  200  11:46  Baneling x3  
  200  11:54  Unknown  
  200  11:57  Baneling x3  
  200  11:58  Unknown, Baneling x3  
  198  12:01  Drone x2  
  198  12:02  Spine Crawler  
  198  12:04  Spine Crawler, Neural Parasite  
  198  12:05  Zerg Melee Weapons Level 3  
  198  12:07  Spine Crawler x2  
  198  12:08  Spine Crawler  
  195  12:10  Spore Crawler, Drone  
  187  12:28  Zergling x2  
  187  12:29  Zergling x24  
  199  12:32  Drone  
  198  12:37  Drone  
  198  12:38  Infestor x3  
  187  12:45  Infestor  
  187  12:47  Zergling x24  
  199  12:51  Baneling  
  199  12:52  Baneling x9  
  199  12:57  Overlord  
  199  13:03  Spine Crawler  
  199  13:04  Spine Crawler  
  195  13:06  Overlord x2  
  195  13:07  Overseer x3  
  195  13:10  Baneling x15  
  195  13:11  Baneling  
  175  13:20  Zergling x4, Roach x2  
  175  13:21  Zergling x32  
  175  13:23  Pathogen Glands  
  187  13:34  Zergling x24  
  199  13:46  Corruptor x2  
  199  13:58  Zergling x6  
  199  14:07  Baneling x2  
  199  14:08  Baneling x18  
  192  14:10  Corruptor x3  
  192  14:12  Hatchery  
  180  14:19  Zergling x24  
  180  14:20  Zergling x22  
  159  14:33  Infestor x2  
  159  14:34  Infestor x5  
  159  14:38  Zergling x10  
  176  14:46  Drone x7  
  183  14:55  Ravager x2  
  183  14:56  Roach x4  
  183  14:57  Roach  
  195  15:09  Overseer  
  195  15:12  Baneling  
  195  15:13  Baneling x5  
  192  15:22  Ravager, Overseer  
  192  15:23  Drone  
  192  15:24  Drone x2  
  192  15:26  Spore Crawler  
  191  15:31  Drone  
  191  15:33  Zergling x16  
  200  15:38  Ravager x3  
  200  15:47  Baneling x16  
  190  16:08  Zergling x26, Hatchery  
  190  16:09  Zergling x8  
  171  16:11  Zergling x12  
  171  16:12  Zergling x30  
  179  16:26  Infestor x4  
  179  16:29  Zerg Ground Armor Level 1, Zerg Missile Weapons Level 3  
  179  16:31  Drone  
  179  16:32  Chitinous Plating  
  188  16:34  Baneling x10  
  188  16:35  Baneling x12  
  185  16:50  Drone x5  
  185  16:51  Drone x2  
  181  16:55  Drone  
  181  16:56  Infestor x2  
  181  16:57  Infestor  
  182  17:11  Infestor x2  
  182  17:13  Zergling x30  
  198  17:17  Baneling x6  
  176  17:33  Roach x5  
  176  17:34  Roach x5  
  176  17:35  Drone  
  176  17:36  Drone  
  197  17:51  Anabolic Synthesis  
  195  18:05  Brood Lord x7  
  199  18:07  Drone x2  
  199  18:08  Spine Crawler x2, Drone  
  199  18:10  Drone  
  199  18:12  Ravager x2  
  199  18:19  Spore Crawler x2  
  197  18:21  Spine Crawler  
  197  18:23  Spine Crawler, Spore Crawler, Ravager  
  197  18:24  Ravager x6, Spore Crawler  
  197  18:25  Drone  
  197  18:26  Drone x2  
  188  18:35  Roach  
  188  18:36  Zergling x4, Roach x4  
  195  18:44  Overlord x2, Overseer  
  195  18:45  Overseer  
  191  19:03  Baneling x2  
  191  19:04  Baneling x14  
  191  19:08  Zergling x18  
  200  19:21  Zergling x2, Swarm Host  
  200  19:22  Zergling x20  
  200  19:24  Zergling x10  
  194  19:35  Zergling x2  
  194  19:36  Zergling x16  
Tags
 
Add a new tag
Caveats
  • Supply blocks, unpowered buildings, or Contaminate may cause inaccurate times.
  • Supply counts are checked every 10 seconds.